[Event "1000GM NY Winter IM-C 2024"]
[Site "New York"]
[Date "2024.01.13"]
[Round "4.8"]
[White "Mede, Istvan"]
[Black "Mou, Iris"]
[Result "1/2-1/2"]
[ECO "B15"]
[WhiteElo "2187"]
[BlackElo "2128"]
[Annotator "TA"]
[PlyCount "48"]
[EventDate "2024.01.10"]
[EventType "swiss"]
[EventCountry "USA"]
[SourceTitle "playchess.com"]
[Source "ChessBase"]
[SourceQuality "1"]
[TimeControl "5400+30"]

1. e4 c6 2. d4 d5 3. Nc3 dxe4 4. Nxe4 Nf6 5. Nxf6+ exf6 6. c3 Bd6 7. Bd3 O-O 8. Qc2 {[%emt 0:00:04] Active counter play!} Re8+ 9. Ne2 h5 10. O-O h4 {[%emt 0:00:08] White is slightly better.} 11. Bf4 h3 12. Rfe1 {[%emt 0:03:43] Black should prevent Bxd6.} Be6 (12... Rxe2 13. Qxe2 Be6 14. Bxd6 Qxd6 15. Qh5 $18) (12... hxg2 $1 $11 {might be stronger.} 13. Bh7+ (13. Kxg2 Na6 $11) 13... Kh8) 13. gxh3 (13. g3 {simplifies} g5 14. Be3 Qd7 15. c4) 13... Bxh3 14. Bxd6 Qxd6 15. Nf4 Be6 ({Black should play} 15... Bd7 $1 $14 16. Rxe8+ Bxe8) 16. Nxe6 Rxe6 {[%emt 0:00:42] [#]} 17. Bc4 (17. Bh7+ $1 $18 Kf8 18. Bf5) 17... Re7 $1 $11 ({Don't go for} 17... Rxe1+ $2 18. Rxe1 Qd7 19. Qg6 $18) 18. Rxe7 Qxe7 19. Kf1 {[%emt 0:00:16] Threatens to win with Re1.} b5 20. Re1 Qd7 21. Bb3 {[%emt 0:04:53] Hoping for Re4.} Qh3+ (21... Na6 $1 $11 {remains equal.}) 22. Kg1 Qg4+ 23. Kf1 Qh3+ {[%emt 0:00:12] [#]} 24. Kg1 (24. Ke2 $1 $16 {Strongly threatening Qg6.} Qg4+ 25. Kf1 Qh3+) 24... Qg4+ {[%emt 0:00:08] Weighted Error Value: White=0.31/Black=0.31.  Mistake:       	White=2     	Black=3      Inaccurate:     	White=1     	Black=2      OK:         	White=3     	Black=1      Best:        	---       	Black=3      Strong:       	---       	Black=1} 1/2-1/2

[Event "1000GM NY Winter IM-C 2024"]
[Site "New York"]
[Date "2024.01.13"]
[Round "4.9"]
[White "Bonin, Jay"]
[Black "Venkatesh, Narayan"]
[Result "1-0"]
[ECO "E06"]
[WhiteElo "2166"]
[BlackElo "1965"]
[Annotator "ChessBase"]
[PlyCount "81"]
[EventDate "2024.01.10"]
[EventType "swiss"]
[EventCountry "USA"]
[SourceTitle "playchess.com"]
[Source "ChessBase"]
[SourceQuality "1"]
[TimeControl "5400+30"]

1. d4 Nf6 2. Nf3 d5 3. c4 e6 4. g3 Be7 5. Bg2 O-O 6. Nbd2 c5 7. cxd5 Nxd5 8. O-O b6 9. a3 cxd4 10. Nb3 Bb7 11. Nbxd4 Nc6 12. Nxc6 Bxc6 13. Nd4 Bb7 14. Qb3 Qd7 15. Rd1 Rfd8 16. e4 Nf6 17. Bg5 Qe8 18. e5 Nd5 19. Bxe7 Qxe7 20. Nb5 Bc6 21. Nd6 Qd7 22. Rd4 Rab8 23. Rc1 Ba8 24. Rdc4 Qe7 25. f4 b5 26. Rc5 a6 27. f5 Rf8 28. h4 Rbd8 29. Kh2 g6 30. Bxd5 Bxd5 31. Qe3 gxf5 32. Rxd5 exd5 33. Nxf5 Qe6 34. Qg5+ Qg6 35. Ne7+ Kg7 36. Nxg6 hxg6 37. Rc7 Rde8 38. Qf6+ Kg8 39. Rc6 d4 40. h5 d3 41. h6 1-0

[Event "1000GM NY Winter IM-C 2024"]
[Site "New York"]
[Date "2024.01.14"]
[Round "5.1"]
[White "Goktepe, Derin"]
[Black "Hajnal, Zoltan"]
[Result "1/2-1/2"]
[ECO "D13"]
[WhiteElo "2187"]
[BlackElo "2383"]
[Annotator "RC"]
[PlyCount "22"]
[EventDate "2024.01.10"]
[EventType "swiss"]
[EventCountry "USA"]
[SourceTitle "playchess.com"]
[Source "ChessBase"]
[SourceQuality "1"]
[TimeControl "5400+30"]

1. d4 d5 2. c4 c6 3. cxd5 cxd5 4. Nc3 Nf6 5. Bf4 Nc6 6. e3 a6 7. Be2 Bf5 8. Nf3 e6 9. Rc1 Be7 10. O-O O-O 11. Ne5 Nxe5 1/2-1/2

[Event "1000GM NY Winter IM-C 2024"]
[Site "New York"]
[Date "2024.01.14"]
[Round "5.2"]
[White "Yoo, Eugene"]
[Black "Pressman, Leif"]
[Result "1/2-1/2"]
[ECO "D78"]
[WhiteElo "2168"]
[BlackElo "2258"]
[Annotator "RC"]
[PlyCount "80"]
[EventDate "2024.01.10"]
[EventType "swiss"]
[EventCountry "USA"]
[SourceTitle "playchess.com"]
[Source "ChessBase"]
[SourceQuality "1"]
[TimeControl "5400+30"]

1. c4 c6 2. g3 Nf6 3. Bg2 d5 4. Nf3 g6 5. b3 Bg7 6. O-O Ne4 7. d4 O-O 8. Bb2 a5 9. Nbd2 Bf5 10. Nh4 Nxd2 11. Qxd2 Be6 12. c5 Nd7 13. a3 Qc7 14. b4 Bf6 15. Nf3 Bf5 16. Qf4 Qxf4 17. gxf4 Be4 18. Bc3 Rfd8 19. Rfc1 a4 20. Ra2 Nf8 21. Ne1 Bxg2 22. Kxg2 Ne6 23. e3 Nc7 24. Nd3 Kg7 25. Kf3 h6 26. Rg1 e6 27. Rg2 Kf8 28. Ra1 Ke7 29. Bb2 Rg8 30. Rag1 Rg7 31. Nc1 Rag8 32. Ne2 Nb5 33. Ng3 h5 34. Nf1 Kd7 35. Nd2 Kc7 36. Rc1 Kb8 37. Nb1 Ka7 38. Rcg1 Ka6 39. Ke2 Ka7 40. Nd2 Kb8 1/2-1/2

[Event "1000GM NY Winter IM-C 2024"]
[Site "New York"]
[Date "2024.01.14"]
[Round "5.3"]
[White "Chabris, Christopher"]
[Black "Martin Del Campo Cardenas, Roberto Abel"]
[Result "1/2-1/2"]
[ECO "B52"]
[WhiteElo "2078"]
[BlackElo "2205"]
[Annotator "TA"]
[PlyCount "75"]
[EventDate "2024.01.10"]
[EventType "swiss"]
[EventCountry "USA"]
[SourceTitle "playchess.com"]
[Source "ChessBase"]
[SourceQuality "1"]
[TimeControl "5400+30"]

1. e4 c5 2. Nf3 d6 3. Bb5+ Bd7 4. Bxd7+ Qxd7 5. O-O Nc6 6. Qe2 Nf6 7. c3 e6 8. d4 cxd4 9. cxd4 d5 10. e5 Ne4 11. Nbd2 Nxd2 12. Bxd2 Be7 13. g3 O-O 14. Kg2 Rfc8 15. h4 Bd8 16. h5 Ne7 17. Qd3 Qa4 18. Bc3 (18. b3 $14 Qa6 19. Qxa6 bxa6 20. Bb4) 18... Nc6 19. Nh2 h6 20. f4 Ne7 21. g4 Ba5 22. Rf3 Bxc3 23. bxc3 Rc7 (23... b5 $1 $11 {bleibt in der Remisbreite.}) 24. f5 $16 Rac8 (24... Rf8 $16) 25. Qd2 $18 exf5 26. gxf5 Nxf5 27. Rxf5 Rxc3 {[%emt 0:00:04] [#]} 28. Rf2 $1 {[%emt 0:01:03] Qf4 wäre nun fies.} Rc2 29. Qf4 Rxf2+ 30. Kxf2 (30. Qxf2 $2 {geht unter.} Rc2 31. Nf3 Rxf2+ $19) 30... Rc2+ 31. Kg1 {[%emt 0:05:49] Rf1 ist eine echte Drohung.} Rxa2 32. Rf1 Qd7 (32... Kh8 $16 {war einen Versuch wert.}) 33. Ng4 {[%emt 0:01:14][%cal Og4f6] [#] Zielt auf Nf6+! ab.} b5 $2 (33... Rc2 34. Ne3 Rc6) 34. Rf3 $2 ({Der einzige Zug:} 34. Nf6+ $18 gxf6 35. Qg3+ Kf8 36. exf6) 34... Ra1+ $11 {[%emt 0:01:49] Die Stellung ist ausgeglichen.} 35. Kg2 {[%emt 0:00:26] Schwarz muss nun Rf2 beachten.} Ra2+ 36. Kg1 Ra1+ 37. Kg2 {[%emt 0:01:06] Und jetzt Rf2 wäre schön.} Ra2+ 38. Kg1 {[%emt 0:00:37] Gewichteter Fehlerwert: Weiß=0.23 (präzise) /Schwarz=0.34.  Verlustzug:     	---       	Schwarz=1     Gewinn verpasst:   	Weiß=1     	---        Fehler:       	Weiß=1     	Schwarz=3     Ungenau:       	Weiß=2     	Schwarz=3     OK:         	Weiß=8     	Schwarz=12    Bester:       	Weiß=3     	Schwarz=3     Stark:        	Weiß=1     	---} 1/2-1/2

[Event "1000GM NY Winter IM-C 2024"]
[Site "New York"]
[Date "2024.01.14"]
[Round "5.4"]
[White "Rohde, Michael"]
[Black "Ho, Carter"]
[Result "1-0"]
[ECO "D38"]
[WhiteElo "2333"]
[BlackElo "2180"]
[Annotator "RC"]
[PlyCount "49"]
[EventDate "2024.01.10"]
[EventType "swiss"]
[EventCountry "USA"]
[SourceTitle "playchess.com"]
[Source "ChessBase"]
[SourceQuality "1"]
[TimeControl "5400+30"]

1. Nf3 d5 2. d4 Nf6 3. c4 e6 4. Nc3 Bb4 5. Qa4+ Nc6 6. e3 O-O 7. Qc2 dxc4 8. Bxc4 Bd6 9. O-O e5 10. d5 Nb4 11. Qb1 c6 12. dxc6 Nxc6 13. Rd1 e4 14. Ng5 Ng4 15. f4 Bf5 16. Ncxe4 Qb6 17. Rxd6 Nxe3 18. Bxe3 Qxe3+ 19. Kh1 h6 20. Nf6+ gxf6 21. Qxf5 hxg5 22. Qg6+ Kh8 23. Qxf6+ Kg8 24. Qxg5+ Kh8 25. Rh6# 1-0

[Event "1000GM NY Winter IM-C 2024"]
[Site "New York"]
[Date "2024.01.14"]
[Round "5.5"]
[White "Almeida Saenz, Alfonso"]
[Black "Tanenbaum, Zachary"]
[Result "0-1"]
[ECO "D02"]
[WhiteElo "2222"]
[BlackElo "2272"]
[Annotator "RC"]
[PlyCount "58"]
[EventDate "2024.01.10"]
[EventType "swiss"]
[EventCountry "USA"]
[SourceTitle "playchess.com"]
[Source "ChessBase"]
[SourceQuality "1"]
[TimeControl "5400+30"]

1. d4 d5 2. Nf3 e6 3. Bf4 Bd6 4. Bg3 Nf6 5. e3 Ne4 6. Nbd2 Nxg3 7. hxg3 Nd7 8. Bd3 f5 9. Qe2 Nf6 10. O-O-O Bd7 11. Rh4 Qe7 12. Rdh1 O-O-O 13. Kb1 Kb8 14. Ng5 Ne4 15. Nxh7 Rhg8 16. Nf3 Be8 17. Ne5 Bxe5 18. dxe5 c5 19. Bxe4 dxe4 20. f4 exf3 21. gxf3 Bc6 22. R1h2 Rd5 23. b3 Rgd8 24. Kb2 Qc7 25. f4 Qa5 26. Ng5 Bb5 27. Qf3 c4 28. e4 cxb3 29. axb3 Rd1 0-1

[Event "1000GM NY Winter IM-C 2024"]
[Site "New York"]
[Date "2024.01.14"]
[Round "5.6"]
[White "Kovalchuk, Igor"]
[Black "Pagan, Jonathan"]
[Result "1/2-1/2"]
[ECO "B15"]
[WhiteElo "2030"]
[BlackElo "2018"]
[Annotator "TA"]
[PlyCount "108"]
[EventDate "2024.01.10"]
[EventType "swiss"]
[EventCountry "USA"]
[SourceTitle "playchess.com"]
[Source "ChessBase"]
[SourceQuality "1"]
[TimeControl "5400+30"]

1. e4 c6 2. Nc3 d5 3. d4 dxe4 4. Nxe4 Nf6 5. Nxf6+ exf6 6. c3 Bd6 7. Bd3 O-O 8. Ne2 Re8 9. Qc2 h5 10. h3 h4 11. Be3 {[%emt 0:04:09] Weiß steht etwas besser.} Nd7 12. c4 Nf8 13. O-O-O Be6 14. Kb1 Rc8 15. Nc1 b5 16. Qe2 (16. Nb3 $11) 16... bxc4 $17 17. Bxc4 Bd5 18. Bxd5 cxd5 19. Qb5 Be7 20. Rd3 Rb8 21. Qa4 Qc7 22. Rb3 Ne6 23. Rxb8 Rxb8 24. Nd3 Qb7 25. Rc1 f5 26. Rc3 f4 27. Rb3 Qc7 28. Rxb8+ Qxb8 29. Bd2 Bf6 ({Günstiger ist} 29... f3 $1 $15 30. gxf3 Qc8) 30. Qd7 $11 f3 31. Qxd5 (31. gxf3 $11 Nxd4 32. f4) 31... fxg2 $15 (31... Bxd4 $6 32. Qxf3 Qb5 33. Bc1 $14) 32. Qxg2 Qb5 33. Qa8+ Kh7 34. Qe4+ g6 35. Bc3 Ng5 36. Qxh4+ Kg7 37. Kc2 Qa4+ 38. b3 Qxa2+ 39. Nb2 $1 Qa6 40. Qg4 {[%emt 0:00:38] Verhindert Qe2+} Qf1 41. Nd3 Nxh3 42. Qf3 Ng1 43. Qe3 Qe2+ ({Natürlich nicht} 43... Ne2 44. Bb2 Ng1 45. Nc5 $14 (45. d5 Qe2+ 46. Qxe2 Nxe2 $16)) 44. Bd2 Qg4 45. Ne5 {[%emt 0:02:41] Lässt Nf3 nicht zu} Qf5+ 46. Kb2 Qh5 (46... Nh3 $11 47. f4 Bd8) 47. Nd7 $14 Nf3 48. Bc3 Qd5 {[%emt 0:00:12][%csl LRd4,LRd7][%cal Rf3d4] [#] Droht stark ...Nxd4! Die Stellung ist ausgeglichen.} 49. Qe8 {[%emt 0:06:28] jetzt Qf8+ und aus.} (49. Nxf6 {vereinfacht} Kxf6 50. Qd3 Ng5 51. Qc4) 49... Bxd4 50. Qf8+ Kh7 51. Nf6+ Bxf6 52. Bxf6 {[%csl Gf6][%cal Rf8g7] [#]} Qd2+ 53. Kb1 (53. Ka3 $5 Qa5+ $8 54. Kb2 Qd2+ 55. Ka3 Qa5+ 56. Kb2 Qd2+ $11) 53... Qd1+ ({Und nicht} 53... Qxf2 54. Qh8#) 54. Kb2 Qd2+ {[%emt 0:01:00] Gewichteter Fehlerwert: Weiß=0.08 (makellos) /Schwarz=0.09 (makellos) .  Fehler:       	Weiß=2     	Schwarz=2     Ungenau:       	Weiß=4     	Schwarz=6     OK:         	Weiß=21    	Schwarz=19    Bester:       	Weiß=2     	Schwarz=3     Stark:        	Weiß=1     	---} 1/2-1/2

[Event "1000GM NY Winter IM-C 2024"]
[Site "New York"]
[Date "2024.01.14"]
[Round "5.7"]
[White "Mede, Istvan"]
[Black "Gaw, Chloe"]
[Result "1/2-1/2"]
[ECO "B67"]
[WhiteElo "2187"]
[BlackElo "1928"]
[Annotator "TA"]
[PlyCount "69"]
[EventDate "2024.01.10"]
[EventType "swiss"]
[EventCountry "USA"]
[SourceTitle "playchess.com"]
[Source "ChessBase"]
[SourceQuality "1"]
[TimeControl "5400+30"]

1. e4 c5 2. Nf3 d6 3. d4 cxd4 4. Nxd4 Nf6 5. Nc3 Nc6 6. Bg5 e6 7. Qd2 a6 8. O-O-O Bd7 9. f3 Nxd4 10. Qxd4 Be7 11. h4 Qc7 12. Kb1 Rc8 13. Qd2 b5 14. Bd3 Bc6 15. Ne2 h6 16. Be3 Nd7 17. Nd4 Ne5 18. g4 d5 (18... h5 $14) 19. Qg2 (19. Bf4 $16 {Und jetzt Nxc6 wäre schön.} dxe4 20. Bxb5 (20. fxe4 Bd6 $11) 20... axb5 (20... Bxb5 21. Nxb5 axb5 22. Bxe5 $14) 21. Bxe5 (21. Nxc6 $2 Qxc6 22. Bxe5 f6 $19) 21... Qxe5 22. Nxc6) 19... dxe4 20. fxe4 Ng6 {[%emt 0:05:01] Gegen Bf4 gerichtet.} (20... Nxd3 $11 21. cxd3 Bd7) 21. Nxc6 $16 Qxc6 22. h5 Ne5 23. g5 hxg5 24. Bxg5 Qc5 {[%emt 0:07:55] [#]} 25. Bxe7 (25. Be3 $1 $16 Qxe3 26. Qxg7) 25... Kxe7 $11 26. Qg5+ (26. Qxg7 $2 {ist das falsche Schlagen.} Rcg8 $19) 26... Kf8 {[%emt 0:00:40] ...Nxd3 ist eine echte Drohung.} 27. h6 Rxh6 28. Rxh6 gxh6 29. Qxh6+ Ke7 30. Qg5+ Ke8 {[%emt 0:01:09] [#] Zielt auf ...Nxd3 ab.} 31. Qd2 Nxd3 32. Qxd3 Qc7 {[%emt 0:00:25] Verhindert Qd7+} 33. Rh1 (33. Qe2 $5) 33... Ke7 34. a3 Qc4 35. Rf1 {[%emt 0:01:16] Gewichteter Fehlerwert: Weiß=0.17 (sehr präzise) /Schwarz=0.14 (sehr präzise) .  Fehler:       	Weiß=2     	Schwarz=2     Ungenau:       	Weiß=2     	Schwarz=3     OK:         	Weiß=8     	Schwarz=8     Bester:       	Weiß=1     	Schwarz=1} 1/2-1/2

[Event "1000GM NY Winter IM-C 2024"]
[Site "New York"]
[Date "2024.01.14"]
[Round "5.8"]
[White "Mou, Iris"]
[Black "Bonin, Jay"]
[Result "1-0"]
[ECO "B31"]
[WhiteElo "2128"]
[BlackElo "2166"]
[Annotator "TA"]
[PlyCount "39"]
[EventDate "2024.01.10"]
[EventType "swiss"]
[EventCountry "USA"]
[SourceTitle "playchess.com"]
[Source "ChessBase"]
[SourceQuality "1"]
[TimeControl "5400+30"]

1. e4 c5 2. Nf3 Nc6 3. Bb5 g6 4. Bxc6 dxc6 5. d3 Bg4 6. Nbd2 Bg7 7. h3 {[%emt 0:00:13] OK} Bxf3 8. Nxf3 e5 {[%emt 0:01:14] White is slightly better.} 9. Be3 b6 10. Qd2 Qe7 11. Qc3 {[%emt 0:10:24][%cal Ob2b4] OK} a5 12. a3 {[%emt 0:02:41] White is more active.} f5 {[%emt 0:11:09] Mistake (0.6)} (12... Qc7 $16 {was called for.}) 13. Bg5 Qe6 14. exf5 {[%emt 1:02:16] OK} gxf5 15. O-O {[%emt 0:00:00] Hoping for Rae1. OK} Ne7 {[%emt 0:01:02] OK} 16. Bxe7 {[%emt 0:00:00] OK} Kxe7 17. Rfe1 {[%emt 0:00:00] OK} Kd6 {[%emt 0:00:16] [#] Mistake (1.3)} (17... Rhe8 $16 {was necessary.}) 18. d4 $1 $18 {[%emt 0:00:00] Strong} cxd4 $2 {[%emt 0:05:25] Mistake (6.0)} (18... Kc7 19. dxc5 (19. Nxe5 Rhe8 $18) 19... bxc5 20. Nxe5 Rhe8) 19. Nxd4 Qd7 {[%emt 0:00:36] [#]} 20. Nb5+ $1 {[%emt 0:00:00][%mdl 512] Weighted Error Value: White=0.03 (flawless) /Black=0.30.  Mistake:       	---       	Black=3      OK:         	White=6     	Black=1      Strong:       	White=1     	---} 1-0

[Event "1000GM NY Winter IM-C 2024"]
[Site "New York"]
[Date "2024.01.14"]
[Round "5.9"]
[White "Venkatesh, Narayan"]
[Black "Yudasin, Leonid"]
[Result "1/2-1/2"]
[ECO "E42"]
[WhiteElo "1965"]
[BlackElo "2353"]
[Annotator "RC"]
[PlyCount "51"]
[EventDate "2024.01.10"]
[EventType "swiss"]
[EventCountry "USA"]
[SourceTitle "playchess.com"]
[Source "ChessBase"]
[SourceQuality "1"]
[TimeControl "5400+30"]

1. d4 Nf6 2. c4 e6 3. Nc3 Bb4 4. e3 c5 5. Nge2 cxd4 6. exd4 d5 7. c5 Ne4 8. a3 Nxc3 9. Nxc3 Bxc3+ 10. bxc3 O-O 11. Bd3 b6 12. Qh5 g6 13. Qh6 bxc5 14. h4 Ba6 15. Bxa6 Nxa6 16. h5 Qe7 17. Kf1 gxh5 18. Qxh5 f6 19. Bh6 Rf7 20. Rh3 Kh8 21. Rg3 cxd4 22. cxd4 Nc7 23. Re1 Qd7 24. Qg4 Re7 25. Rge3 Rf7 26. Rg3 1/2-1/2

[Event "1000GM NY Winter IM-C 2024"]
[Site "New York"]
[Date "2024.01.14"]
[Round "6.1"]
[White "Pressman, Leif"]
[Black "Goktepe, Derin"]
[Result "1/2-1/2"]
[ECO "C77"]
[WhiteElo "2258"]
[BlackElo "2187"]
[Annotator "RC"]
[PlyCount "121"]
[EventDate "2024.01.10"]
[EventType "swiss"]
[EventCountry "USA"]
[SourceTitle "playchess.com"]
[Source "ChessBase"]
[SourceQuality "1"]
[TimeControl "5400+30"]

1. e4 e5 2. Nf3 Nc6 3. Bb5 a6 4. Ba4 Nf6 5. O-O b5 6. Bb3 Bc5 7. Nc3 d6 8. Nd5 Rb8 9. c3 h6 10. d4 exd4 11. cxd4 Ba7 12. Qc2 Bb7 13. Be3 Nxd5 14. Bxd5 Nb4 15. Bxf7+ Kxf7 16. Qb3+ Kg6 17. Qxb4 Bxe4 18. d5 Bxf3 19. gxf3 Bxe3 20. Qe4+ Kf7 21. Qf5+ Qf6 22. Qxf6+ Kxf6 23. fxe3 Ke5 24. Rac1 Rhc8 25. e4 c5 26. dxc6 Rb6 27. c7 Rb7 28. Rc6 Rbxc7 29. Rxa6 Rc2 30. Rf2 Kf4 31. Rxd6 Rxf2 32. Kxf2 Rc2+ 33. Ke1 Kxf3 34. Rg6 Rxb2 35. Rxg7 Rxa2 36. Rb7 Rb2 37. h4 Rb4 38. Kd2 Rd4+ 39. Kc3 Rxe4 40. Rxb5 Rxh4 41. Kd3 Rf4 42. Kd2 Re4 43. Rh5 Re6 44. Rh1 Kg3 45. Kd1 Kg4 46. Re1 Rf6 47. Rg1+ Kh3 48. Ke2 h5 49. Rh1+ Kg4 50. Rf1 Ra6 51. Kf2 Ra2+ 52. Kg1 h4 53. Rb1 Ra3 54. Rc1 Kg3 55. Rb1 Kh3 56. Rc1 Rg3+ 57. Kh1 Rf3 58. Ra1 Kg3 59. Rg1+ Kf2 60. Rg2+ Kf1 61. Rg1+ 1/2-1/2

[Event "1000GM NY Winter IM-C 2024"]
[Site "New York"]
[Date "2024.01.14"]
[Round "6.2"]
[White "Martin Del Campo Cardenas, Roberto Abel"]
[Black "Yoo, Eugene"]
[Result "1/2-1/2"]
[ECO "B30"]
[WhiteElo "2205"]
[BlackElo "2168"]
[Annotator "TA"]
[PlyCount "86"]
[EventDate "2024.01.10"]
[EventType "swiss"]
[EventCountry "USA"]
[SourceTitle "playchess.com"]
[Source "ChessBase"]
[SourceQuality "1"]
[TimeControl "5400+30"]

1. e4 c5 2. Nf3 Nc6 3. Nc3 e5 4. Bc4 Be7 5. d3 Nf6 6. Bg5 {[%emt 0:03:36] B30: Sicilian: 2...Nc6 3 Bb5, lines without ...g6.} d6 7. Bxf6 Bxf6 8. Nd5 g6 $146 ({Predecessor:} 8... O-O 9. c3 Bg5 10. Nxg5 Qxg5 11. Qd2 Qxg2 12. O-O-O Qh3 13. Rdg1 Qh4 14. Rg5 Kh8 {0-1 Guseinov,G (2668)-Suleymenov,A (2467) Olympiad-44 Chennai 2022 (8.2)}) 9. a3 Rb8 10. b4 b5 11. Bb3 O-O 12. h3 Bg7 13. c3 Bh6 14. O-O Kh8 15. Qe2 Be6 16. bxc5 dxc5 17. Rfb1 Qa5 18. Nh2 Rb7 19. Ng4 Bg5 20. Kh2 (20. Nh2 $11) 20... h5 (20... Qd8 $17 {...f5 is the strong threat.} 21. Nge3 Rb8) 21. Nge3 $1 $11 h4 22. Ng4 Rfb8 23. g3 (23. Kh1 $11) 23... Qd8 $17 24. Ba2 (24. gxh4 $15 Bxh4 25. Rg1) 24... a6 (24... f5 $17 25. Nxe5 Nxe5 26. exf5 Bxd5 (26... hxg3+ 27. fxg3 Bxd5 28. Qxe5+ Bf6 29. Qxd5 $17) 27. Qxe5+ Bf6 28. Qxd5 Bxc3 29. fxg6 hxg3+ 30. Kxg3 Kg7 (30... Bxa1 31. Rxa1 Qxd5 32. Bxd5 $17)) 25. Kg1 (25. Kg2 $15) 25... Qd6 ({Black should try} 25... f5 $17 26. Nh2 fxe4 27. Qxe4 hxg3 28. fxg3 Bf5) 26. gxh4 (26. Rf1 $1 $11) 26... Bxh4 $17 27. Qe3 f5 28. exf5 gxf5 (28... Bxd5 $6 29. Bxd5 (29. fxg6 Bxa2 30. Qh6+ Kg8 $17) 29... Qxd5 30. fxg6 $11) 29. Ngf6 $2 (29. Ndf6 $17 f4 (29... fxg4 30. Qh6+) 30. Ne4 fxe3 31. Nxd6 exf2+ 32. Kf1) 29... f4 (29... Rg7+ 30. Kh1 Rh7 (30... f4 $2 31. Qf3 $19) 31. Nxh7 (31. Rg1 $2 f4 $19) 31... Bxd5+ 32. Bxd5 Qxd5+ (32... Kxh7 $2 33. Qf3 $18) 33. Kh2 Kxh7 34. Rg1 $19) 30. Qf3 Bxf6 31. Nxf6 Bxa2 $1 32. Qh5+ Kg7 33. Ne4 Qd5 $4 {[%emt 0:03:10][%mdl 8192] [#]} (33... Qxd3 $19 34. Re1 Be6) 34. Rb2 $2 (34. Kh2 $1 $18 Bxb1 35. Rxb1) 34... Bb3 $2 (34... Qxd3 $2 35. f3 Rg8 36. Rg2+ Kf8 37. Raxa2 (37. Qf5+ Rf7 $18) 37... Qe3+ 38. Kh2 $18) (34... Qf7 $17 35. Qg5+ (35. Qg4+ Kh8 $11) 35... Kh8 (35... Qg6 36. Qxg6+ Kxg6 37. Raxa2 $15)) 35. f3 $2 (35. Kh2 $18 {and the rest is easy.} Rg8 (35... Qxd3 $2 36. Rg1+ $18) 36. Rg1+ Kf8 37. Nf6 Rxg1 38. Qe8+ (38. Nxd5 Rbg7 $18) 38... Kg7 39. Nxd5 Bxd5 40. Kxg1) 35... Rg8 $16 {[%emt 0:00:43] [#]} 36. Rg2+ $2 (36. Kh2 $1 $16 Kf8 37. Nf6) 36... Kf8 $19 37. Qh6+ Rbg7 38. Kh2 Ne7 $2 (38... Qxd3 $2 {too greedy.} 39. Rag1 $18 (39. Nxc5 Qc4 $17) (39. Nxc5 Qc4 $19)) (38... Qe6 $1 $19 39. Nf6 Kf7 40. Nxg8 Rxg2+ (40... Rxg8 41. Qh5+ Ke7 42. Rxg8 $15) 41. Kxg2 Kxg8 42. Qg5+ Kf7) 39. Rag1 $2 (39. Rxg7 $17 {might work better.} Rxg7 40. Rg1) 39... Nf5 $2 (39... Qe6 $19 40. Nf6 Nf5 41. Nh7+ Ke8 42. Qxe6+ Bxe6 43. Nf6+ Kf8 44. Nxg8 Rxg8 45. Rxg8+ Bxg8) 40. Qf6+ $11 Qf7 41. Qd8+ Qe8 42. Qf6+ Qf7 43. Qd8+ Qe8 1/2-1/2

[Event "1000GM NY Winter IM-C 2024"]
[Site "New York"]
[Date "2024.01.14"]
[Round "6.3"]
[White "Chabris, Christopher"]
[Black "Rohde, Michael"]
[Result "0-1"]
[ECO "B41"]
[WhiteElo "2078"]
[BlackElo "2333"]
[Annotator "RC"]
[PlyCount "64"]
[EventDate "2024.01.10"]
[EventType "swiss"]
[EventCountry "USA"]
[SourceTitle "playchess.com"]
[Source "ChessBase"]
[SourceQuality "1"]
[TimeControl "5400+30"]

1. e4 c5 2. Nf3 e6 3. d4 cxd4 4. Nxd4 a6 5. c4 Nf6 6. Nc3 Qc7 7. a3 Be7 8. Be2 d6 9. Be3 b6 10. O-O Bb7 11. f3 O-O 12. Qd2 Nbd7 13. b4 Rac8 14. Rfc1 Rfe8 15. Bf1 Qb8 16. Rab1 Bd8 17. Na4 Bc7 18. g3 Ne5 19. Qf2 d5 20. c5 b5 21. Nb2 dxe4 22. c6 Ba8 23. fxe4 Neg4 24. Qf3 Nxe3 25. Qxe3 Bb6 26. Rc5 Bxc5 27. bxc5 Bxc6 28. Nc4 Bxe4 29. Rb2 Rxc5 30. Nxe6 Rxc4 31. Nxg7 Kxg7 32. Bxc4 Qe5 0-1